MLB
SAN FRANCISCO GIANTS @ WASHINGTON NATIONALS
08/08/2024
 
TOP OF THE 1ST
San Francisco Giants batting - Pitching for Washington Nationals : LHP Drew Smyly
Pitching: LHP Drew Smyly
Batting: RHB Jose Altuve 0-0: Called Strike
0-1: Swinging Strike
0-2: Ball
1-2: Ball
2-2: Ball
3-2: Strikes out looking
Batting: SHB Francisco Lindor 0-0: Ball
1-0: Ball
2-0: Ball
3-0: Called Strike
3-1: Base on Balls
Batting: RHB Austin Slater 0-0: Ball
1-0: Called Strike
1-1: Ball
2-1: Ball
3-1: Base on Balls
Francisco Lindor to second
Batting: RHB Manny Machado 0-0: Called Strike
0-1: Called Strike
0-2: Foul Ball, location: 23FF
0-2: Fly out, F7 (Line Drive, 7LM, EV 97.5 MPH)
Batting: RHB Michael Taylor 0-0: Swinging Strike
0-1: Foul Ball, location: 2F
0-2: Strikes out swinging
Top of the 1st over - 0 runs, 0 hits, 0 errors, 2 left on base; San Francisco 0 - Washington 0
BOTTOM OF THE 1ST
Washington Nationals batting - Pitching for San Francisco Giants : RHP Alex Cobb
Pitching: RHP Alex Cobb
Batting: LHB Wilyer Abreu 0-0: Ball
1-0: Ground out 1-3 (Groundball, P, EV 60.6 MPH)
Batting: LHB Jonathan Aranda 0-0: Ball
1-0: Swinging Strike
1-1: Called Strike
1-2: Foul Ball, location: 2F
1-2: Ball
2-2: Ball
3-2: Foul Ball, location: 2F
3-2: Base on Balls
Batting: LHB Michael Conforto 0-0: Ball
1-0: Foul Ball, location: 7LMF
1-1: Ball
2-1: Called Strike
2-2: Ball
3-2: Grounds into double play, 4-6-3 (Groundball, 34, EV 93.8 MPH)
Bottom of the 1st over - 0 runs, 0 hits, 0 errors, 0 left on base; San Francisco 0 - Washington 0
TOP OF THE 2ND
San Francisco Giants batting - Pitching for Washington Nationals : LHP Drew Smyly
Batting: LHB Eric [UNRATED] Hosmer 0-0: Ball
1-0: Swinging Strike
1-1: Called Strike
1-2: Foul Ball, location: 2F
1-2: Ball
2-2: Ball
3-2: Strikes out swinging
Batting: RHB Nick Ahmed 0-0: Ball
1-0: Ball
2-0: Ball
3-0: Called Strike
3-1: Called Strike
3-2: Base on Balls
Batting: RHB Tomas Nido 0-0: Ball
1-0: Foul Ball, location: 2F
1-1: Ground out 5-3 (Groundball, 56S, EV 70.6 MPH)
Nick Ahmed to second
Batting: LHB Cedric Mullins 0-0: Foul Ball, location: 3F
0-1: Ball
1-1: Ball
2-1: Foul Ball, location: 3FF
2-2: Ball
3-2: SINGLE (Line Drive, 89S, EV 93.8 MPH)
Nick Ahmed to third
Runner from 3rd tries for Home, SAFE, throw by RF to home
Batting: RHB Jose Altuve 0-0: Called Strike
0-1: Ball
1-1: Ball
2-1: Called Strike
2-2: Strikes out swinging
Top of the 2nd over - 1 run, 1 hit, 0 errors, 1 left on base; San Francisco 1 - Washington 0
BOTTOM OF THE 2ND
Washington Nationals batting - Pitching for San Francisco Giants : RHP Alex Cobb
Batting: LHB Seth Brown 0-0: Called Strike
0-1: Ball
1-1: Ball
2-1: Swinging Strike
2-2: Strikes out swinging, 2-3 out at first.
Batting: RHB Amed Rosario 0-0: Ball
1-0: Called Strike
1-1: Foul Ball, location: 7LMF
1-2: Foul Ball, location: 23F
1-2: Ground out 4-3 (Groundball, 34, EV 102.5 MPH)
Batting: LHB Mike Tauchman 0-0: Ball
1-0: Ground out 6-3 (Groundball, 6M, EV 101.9 MPH)
Bottom of the 2nd over - 0 runs, 0 hits, 0 errors, 0 left on base; San Francisco 1 - Washington 0
TOP OF THE 3RD
San Francisco Giants batting - Pitching for Washington Nationals : LHP Drew Smyly
Batting: SHB Francisco Lindor 0-0: Ball
1-0: Called Strike
1-1: Ball
2-1: Ground out 6-3 (Groundball, 6, EV 108.1 MPH)
Batting: RHB Austin Slater 0-0: SINGLE (Groundball, 6MD, EV 95.6 MPH)
Batting: RHB Manny Machado 0-0: Grounds into double play, 5-4-3 (Groundball, 56, EV 76.9 MPH)
Top of the 3rd over - 0 runs, 1 hit, 0 errors, 0 left on base; San Francisco 1 - Washington 0
BOTTOM OF THE 3RD
Washington Nationals batting - Pitching for San Francisco Giants : RHP Alex Cobb
Batting: LHB Miles Mastrobuoni 0-0: Ball
1-0: Called Strike
1-1: Swinging Strike
1-2: Foul Ball, location: 5SF
1-2: Ball
2-2: Strikes out swinging
Batting: RHB Michael Stefanic 0-0: Ball
1-0: Foul Ball, location: 3FF
1-1: Ball
2-1: Ball
3-1: Ground out 4-3 (Groundball, 34D, EV 104.4 MPH)
Batting: LHB Matt Thaiss 0-0: Called Strike
0-1: Swinging Strike
0-2: Strikes out swinging
Bottom of the 3rd over - 0 runs, 0 hits, 0 errors, 0 left on base; San Francisco 1 - Washington 0
TOP OF THE 4TH
San Francisco Giants batting - Pitching for Washington Nationals : LHP Drew Smyly
Batting: RHB Michael Taylor 0-0: Called Strike
0-1: Foul Ball, location: 2F
0-2: Fly out, F9 (Line Drive, 9, EV 87.5 MPH)
Batting: LHB Eric [UNRATED] Hosmer 0-0: Ball
1-0: Ground out U3 (Groundball, 3S, EV 89.4 MPH)
Batting: RHB Nick Ahmed 0-0: Ball
1-0: Fly out, F9 (Flyball, 9S, EV 100.0 MPH)
Top of the 4th over - 0 runs, 0 hits, 0 errors, 0 left on base; San Francisco 1 - Washington 0
BOTTOM OF THE 4TH
Washington Nationals batting - Pitching for San Francisco Giants : RHP Alex Cobb
Batting: LHB Wilyer Abreu 0-0: Called Strike
0-1: Foul Ball, location: 5FF
0-2: Ball
1-2: Foul Ball, location: 7LSFF
1-2: Ball
2-2: Strikes out swinging
Batting: LHB Jonathan Aranda 0-0: Called Strike
0-1: Called Strike
0-2: Strikes out swinging
Batting: LHB Michael Conforto 0-0: Called Strike
0-1: Foul Ball, location: 7LMF
0-2: Ball
1-2: Ball
2-2: Fly out, F6 (Line Drive, 6MD, EV 66.9 MPH)
Bottom of the 4th over - 0 runs, 0 hits, 0 errors, 0 left on base; San Francisco 1 - Washington 0
TOP OF THE 5TH
San Francisco Giants batting - Pitching for Washington Nationals : LHP Drew Smyly
Batting: RHB Tomas Nido 0-0: Called Strike
0-1: Called Strike
0-2: Ball
1-2: Foul Ball, location: 3F
1-2: Ball
2-2: Strikes out looking
Batting: LHB Cedric Mullins 0-0: Ball
1-0: Foul Ball, location: 3FF
1-1: Called Strike
1-2: Foul Ball, location: 2F
1-2: Strikes out swinging, 2-3 out at first.
Batting: RHB Jose Altuve 0-0: Ball
1-0: Ball
2-0: SINGLE (Line Drive, 7LS, EV 85.0 MPH)
Batting: SHB Francisco Lindor 0-0: Ball
1-0: Ball
2-0: Ball
3-0: Base on Balls
Jose Altuve to second
Batting: RHB Austin Slater 0-0: Ball
1-0: Foul Ball, location: 25F
1-1: DOUBLE (Groundball, 5L, EV 105.0 MPH)
Jose Altuve scores
Francisco Lindor to third
Runner from 3rd tries for Home, SAFE, throw by LF to trailing runner, SAFE at third!
Batting: RHB Manny Machado 0-0: Foul Ball, location: 2F
0-1: Ball
1-1: Ball
2-1: Ball
3-1: Base on Balls
Batting: RHB Michael Taylor 0-0: Ball
1-0: SINGLE (Line Drive, 4D, EV 105.0 MPH)
Austin Slater scores
Manny Machado to second
Batting: LHB Eric [UNRATED] Hosmer 0-0: DOUBLE (Line Drive, 7LD, EV 110.6 MPH)
Manny Machado scores
Michael Taylor to third
Runner from 3rd tries for Home, SAFE, no throw by LF
Pitching: LHP Zach Logue
Batting: RHB Nick Ahmed 0-0: Ball
1-0: Ball
2-0: Swinging Strike
2-1: Called Strike
2-2: Foul Ball, location: 2F
2-2: Foul Ball, location: 9LDF
2-2: Strikes out swinging
Top of the 5th over - 5 runs, 4 hits, 0 errors, 1 left on base; San Francisco 6 - Washington 0
BOTTOM OF THE 5TH
Washington Nationals batting - Pitching for San Francisco Giants : RHP Alex Cobb
Batting: LHB Seth Brown 0-0: Ground out 3-1 (Groundball, 34S, EV 76.3 MPH)
Batting: RHB Amed Rosario 0-0: Ball
1-0: Called Strike
1-1: Foul Ball, location: 2F
1-2: SINGLE (Line Drive, 78S, EV 105.0 MPH)
Batting: LHB Mike Tauchman 0-0: Ball
1-0: Called Strike
1-1: Ball
2-1: Fly out, F8 (Flyball, 78XD, EV 99.4 MPH)
Batting: LHB Miles Mastrobuoni 0-0: Ball
1-0: Called Strike
1-1: Foul Ball, location: 23F
1-2: Ball
2-2: Strikes out swinging
Bottom of the 5th over - 0 runs, 1 hit, 0 errors, 1 left on base; San Francisco 6 - Washington 0
TOP OF THE 6TH
San Francisco Giants batting - Pitching for Washington Nationals : LHP Zach Logue
Batting: RHB Tomas Nido 0-0: Ball
1-0: Swinging Strike
1-1: Called Strike
1-2: Ball
2-2: Ball
3-2: Fly out, F4 (Popup, 4MD, EV 60.6 MPH)
Batting: LHB Cedric Mullins 0-0: Ball
1-0: Ball
2-0: Ground out 4-3 (Groundball, 4, EV 80.6 MPH)
Batting: RHB Jose Altuve 0-0: Ball
1-0: Ball
2-0: Foul Ball, location: 2F
2-1: Fly out, F9 (Flyball, 89XD, EV 103.1 MPH)
Top of the 6th over - 0 runs, 0 hits, 0 errors, 0 left on base; San Francisco 6 - Washington 0
BOTTOM OF THE 6TH
Washington Nationals batting - Pitching for San Francisco Giants : RHP Alex Cobb
Batting: RHB Michael Stefanic 0-0: Ball
1-0: Fly out, F7 (Flyball, 78S, EV 79.4 MPH)
Batting: LHB Matt Thaiss 0-0: Called Strike
0-1: Ball
1-1: Foul Ball, location: 3F
1-2: Foul Ball, location: 2F
1-2: Ball
2-2: Fly out, F6 (Popup, 6, EV 59.4 MPH)
Batting: LHB Wilyer Abreu 0-0: Ball
1-0: Fly out, F3 (Line Drive, 3L, EV 65.0 MPH)
Bottom of the 6th over - 0 runs, 0 hits, 0 errors, 0 left on base; San Francisco 6 - Washington 0
TOP OF THE 7TH
San Francisco Giants batting - Pitching for Washington Nationals : LHP Zach Logue
Batting: SHB Francisco Lindor 0-0: Ball
1-0: Foul Ball, location: 2F
1-1: SINGLE (Groundball, 5D, EV 97.5 MPH)
Batting: RHB Austin Slater 0-0: Called Strike
0-1: Ball
1-1: Ball
Francisco Lindor steals 2nd base
2-1: Foul Ball, location: 9LSF
2-2: DOUBLE (Line Drive, 7LM, EV 96.9 MPH)
Francisco Lindor scores
Pitching: RHP Nate Pearson
Batting: RHB Manny Machado 0-0: Fly out, F8 (Flyball, 8RXD, EV 97.5 MPH)
Runner from 2nd tags up, SAFE at 3rd, no throw by CF
Batting: RHB Michael Taylor 0-0: Swinging Strike
0-1: Swinging Strike
0-2: Strikes out swinging
Pinch Hitting: RHB René Pinto 0-0: Ball
1-0: Ball
2-0: Ball
3-0: Called Strike
3-1: Foul Ball, location: 2RF
3-2: Strikes out swinging
Top of the 7th over - 1 run, 2 hits, 0 errors, 1 left on base; San Francisco 7 - Washington 0
BOTTOM OF THE 7TH
Washington Nationals batting - Pitching for San Francisco Giants : RHP Alex Cobb
Now at 1B: René Pinto
Batting: LHB Jonathan Aranda 0-0: Ball
1-0: Ball
2-0: Ground out 4-3 (Groundball, 4, EV 83.8 MPH)
Batting: LHB Michael Conforto 0-0: Ball
1-0: DOUBLE (Line Drive, 9LS, EV 91.3 MPH)
Pitching: RHP Ryan Brasier
Batting: LHB Seth Brown 0-0: Ball
1-0: Ball
2-0: Swinging Strike
2-1: SINGLE (Groundball, 4MD, EV 106.9 MPH)
Michael Conforto to third
Runner from 3rd tries for Home, SAFE, throw by CF to home
Seth Brown to second
Batting: RHB Amed Rosario 0-0: Called Strike
0-1: Called Strike
0-2: Ball
1-2: Strikes out looking
Batting: LHB Mike Tauchman 0-0: Swinging Strike
0-1: Ball
1-1: Foul Ball, location: 2F
1-2: Ball
2-2: Ground out 4-3 (Groundball, 4, EV 101.3 MPH)
Bottom of the 7th over - 1 run, 2 hits, 0 errors, 1 left on base; San Francisco 7 - Washington 1
TOP OF THE 8TH
San Francisco Giants batting - Pitching for Washington Nationals : RHP Nate Pearson
Batting: RHB Nick Ahmed 0-0: Ball
1-0: Ball
2-0: Foul Ball, location: 2F
2-1: Ball
3-1: Called Strike
3-2: Base on Balls
Batting: RHB Tomas Nido 0-0: Hit by Pitch
Nick Ahmed to second
Batting: LHB Cedric Mullins 0-0: Ball
1-0: Called Strike
1-1: Called Strike
1-2: Ground out 4-3 (Groundball, 4D, EV 95.6 MPH)
Nick Ahmed to third
Tomas Nido to second
Pitching: RHP Josh Staumont
Batting: RHB Jose Altuve 0-0: Ball
1-0: Swinging Strike
1-1: Foul Ball, location: 2F
1-2: Ball
2-2: Foul Ball, location: 2F
2-2: Ball
3-2: Foul Ball, location: 2F
3-2: Fly out, F4 (Popup, 4M, EV 56.3 MPH)
Batting: SHB Francisco Lindor 0-0: Ball
1-0: Ball
2-0: Ball
3-0: Called Strike
3-1: Swinging Strike
3-2: Strikes out looking
Top of the 8th over - 0 runs, 0 hits, 0 errors, 2 left on base; San Francisco 7 - Washington 1
BOTTOM OF THE 8TH
Washington Nationals batting - Pitching for San Francisco Giants : RHP Ryan Brasier
Batting: LHB Miles Mastrobuoni 0-0: Foul Ball, location: 2F
0-1: Swinging Strike
0-2: Foul Ball, location: 5FF
0-2: Strikes out swinging
Pinch Hitting: LHB Mike Ford 0-0: SINGLE (Groundball, 6MD, EV 100.0 MPH)
Batting: LHB Matt Thaiss 0-0: Foul Ball, location: 5SF
0-1: Ball
1-1: Ball
2-1: Foul Ball, location: 7LSFF
2-2: Ball
3-2: Strikes out swinging
Batting: LHB Wilyer Abreu 0-0: Called Strike
0-1: Ball
1-1: Called Strike
1-2: DOUBLE (Groundball, 5L, EV 96.3 MPH)
Mike Ford to third
Runner from 3rd tries for Home, SAFE, throw by LF to trailing runner, OUT at third! 7-3-5
Bottom of the 8th over - 1 run, 2 hits, 0 errors, 0 left on base; San Francisco 7 - Washington 2
TOP OF THE 9TH
San Francisco Giants batting - Pitching for Washington Nationals : RHP Josh Staumont
Now at 1B: Mike Ford
Now at 3B: Jonathan Aranda
Batting: RHB Austin Slater 0-0: Called Strike
0-1: Ball
1-1: Fly out, F8 (Line Drive, 8RM, EV 98.8 MPH)
Batting: RHB Manny Machado 0-0: Swinging Strike
0-1: Ball
1-1: Swinging Strike
1-2: Foul Ball, location: 5FF
1-2: Strikes out swinging
Pitching: RHP Jake Junis
Batting: RHB Michael Taylor 0-0: Called Strike
0-1: Foul Ball, location: 7LSF
0-2: Strikes out looking
Top of the 9th over - 0 runs, 0 hits, 0 errors, 0 left on base; San Francisco 7 - Washington 2
BOTTOM OF THE 9TH
Washington Nationals batting - Pitching for San Francisco Giants : RHP Ryan Brasier
Pitching: RHP Shawn Armstrong
Batting: LHB Jonathan Aranda 0-0: Called Strike
0-1: Ball
1-1: Swinging Strike
1-2: Strikes out looking
Batting: LHB Michael Conforto 0-0: Called Strike
0-1: Ball
1-1: Swinging Strike
1-2: SINGLE (Groundball, 56D, EV 105.6 MPH)
Batting: LHB Seth Brown 0-0: Ball
Wild Pitch!
Michael Conforto to second
1-0: Called Strike
1-1: Swinging Strike
1-2: Foul Ball, location: 2F
1-2: Ball
2-2: Foul Ball, location: 7LSF
2-2: Ball
3-2: Base on Balls
Pitching: RHP Justin Topa
Batting: RHB Amed Rosario 0-0: Swinging Strike
0-1: Ball
1-1: Foul Ball, location: 7LSF
1-2: Ball
2-2: Strikes out looking
Batting: LHB Mike Tauchman 0-0: Ball
1-0: Called Strike
1-1: Ball
2-1: Swinging Strike
2-2: Strikes out swinging
Bottom of the 9th over - 0 runs, 1 hit, 0 errors, 2 left on base; San Francisco 7 - Washington 2
Friday, August 9th , 2024 - OOTP Baseball 25.7 Build 80